cohdb
Replays
Latest Replays
All Replays
Popular Replays
Top Player Replays
Match Explorer
How It Works
Community
CoH3 Stats
Reddit
Sign in to upload your games and track your stats! →
Sign in with Steam
reakly #1 pridepost
Match 27448188
Overview
Messages
Build Orders
End
Panzergrenadier Squad
Kradschützen Motorcycle Team
250 Light Carrier
Construct Light Support Kompanie
Combat Half-tracks
Panzergrenadier Squad
Selects Armored Support Battlegroup
Fire Support Elements
Selects Superior Fire Drills
Vehicle Survival Package
Panzerjäger Mechanized Group
Construct Panzerarmee Kommand
Emergency Repair Kits
Panzer III L Medium Tank
Selects Salvage Kits
Rapid Advance
Havoc
Reakly
0
0
Comments
sign in to comment!
No comments posted yet!